 Dungeon Crawl Stone Soup version 0.30-b1-5-g8e6c1be481 (webtiles) character file.

Game seed: 12427937088421665375

252 Silvore the Covered (level 5, -1/47 HPs)
             Began as a Minotaur Fighter on May 4, 2023.
             Slain by an iguana (11 damage)
             ... on level 5 of the Dungeon.
             The game lasted 00:03:00 (3299 turns).

Silvore the Covered (Minotaur Fighter)              Turns: 3299, Time: 00:03:00

Health: -1/47      AC:  7    Str: 23    XL:     5   Next: 89%
Magic:  4/4        EV:  9    Int: 11    God:
Gold:   75         SH:  5    Dex:  9    Spells: 4/4 levels left

rFire   . . .        a - +1 long sword
rCold   . . .        c - +1 buckler
rNeg    . . .        b - +0 scale mail
rPois   .            (helmet restricted)
rElec   .            (no cloak)
rCorr   .            (no gloves)
SInv    .            (no boots)
Will    .....        e - amulet of the acrobat Stlth
                     p - +6 ring of intelligence
HPRegen 0.27/turn    (no ring)
MPRegen 0.09/turn

%: acrobat
@: lethally poisoned (-1 -> -4)
A: horns 2, retaliatory headbutt
a: no special abilities


You were on level 5 of the Dungeon.
You visited 1 branch of the dungeon, and saw 5 of its levels.

You collected 75 gold pieces.

Inventory:

Hand Weapons
 a - a +1 long sword (weapon)
Armour
 b - a +0 scale mail (worn)
 c - a +1 buckler (worn)
Jewellery
 e - an amulet of the acrobat (around neck)
 p - a +6 ring of intelligence (left hand)
Scrolls
 h - a scroll of blinking
 i - a scroll of enchant weapon
 l - 4 scrolls of teleportation
 m - a scroll of amnesia
 n - a scroll of identify
Potions
 d - 4 potions of might
 f - a potion of degeneration
 g - a potion of heal wounds
 j - a potion of curing
 k - a potion of attraction
 q - a potion of magic


   Skills:
 + Level 4.9 Fighting
 + Level 4.6 Long Blades
 + Level 5.2 Armour
 + Level 0.7 Dodging
 + Level 0.2 Stealth
 + Level 4.4 Shields


You had 4 spell levels left.
You didn't know any spells.
Your spell library contained the following spells:

 Spells                   Type           Power      Damage    Failure   Level
 Call Canine Familiar     Summ           0%         N/A       97%         3
 Portal Projectile        Hex/Tloc       0%         N/A       97%         3
 Leda's Liquefaction      Hex/Erth       0%         N/A       100%        4
 Simulacrum               Ice/Necr       0%         N/A       100%        6
 Ozocubu's Refrigeration  Ice            0%         4d7       100%        7
 Polar Vortex             Ice            0%         N/A       100%        9


Dungeon Overview and Level Annotations

Branches:
Dungeon (5/15)
 Temple: D:4-7

Altars:
Cheibriados
Makhleb

Shops:
D:4 *


Innate Abilities, Weirdness & Mutations

You have a pair of horns on your head.
You reflexively headbutt those who attack you in melee.


Message History

The quokka completely misses you. You furiously retaliate!
You headbutt the quokka!
You kill the quokka!
The scorpion closely misses you.
You see here a hound corpse.
The scorpion closely misses you. The iguana misses you.
You hit the scorpion but do no damage. The scorpion barely misses you.
The iguana bites you. The scorpion stings you.
You hit the scorpion but do no damage. The iguana bites you.
You block the scorpion's attack.
You hit the scorpion.
The scorpion is lightly wounded.
The iguana barely misses you. The scorpion closely misses you.
You furiously retaliate!
You headbutt the scorpion! You hit the scorpion but do no damage.
Your headbutt misses the scorpion.
The scorpion is severely wounded.
The scorpion stings you.
You are poisoned.
The scorpion poisons you! The iguana barely misses you.
You furiously retaliate!
You headbutt the iguana!
A scorpion comes into view.
You block the scorpion's attack. The iguana bites you.
You hit the scorpion.
The scorpion is severely wounded.
You feel very sick.
The scorpion stings you but does no damage.
The iguana barely misses you.
You closely miss the scorpion.
The scorpion is severely wounded.
You feel sick. You block the scorpion's attack. You block the iguana's attack.
The scorpion stings you but does no damage.
Unknown command.
You closely miss the scorpion. You headbutt the scorpion.
The scorpion is almost dead.
You feel sick. The scorpion closely misses you. You block the iguana's attack.
You hit the scorpion. You headbutt the scorpion.
You kill the scorpion!
You feel sick. The iguana completely misses you.
The scorpion barely misses you. The iguana bites you!
You die...

#.##### #.# #.
......####.#####. ###.#
#.........##. ...#
#..)...##.###
##.###..######.#..
..#####.?......).....<.#
..........###)##.#.#.###
.####.s..# #)##.#.#.# #
#.@..# #.##.#.#.# #
#......l..# #.##.#.#.###
..........# #.##.#......
#.####.#.## #.#...##.###
. .###. #........# ## ##
###.<.#### ##.## #.# #.#


You could see a scorpion and an iguana.

Vanquished Creatures
  2 scorpions
  A hound (D:5)
  An orc priest (D:4)
  An iguana (D:4)
  3 gnolls (D:5)
  2 adders (D:4)
  A worm (D:4)
  3 dart slugs
  2 orcs (D:4)
  5 endoplasms
  A giant cockroach (D:4)
  7 hobgoblins
  3 quokkas
  3 ball pythons
  4 bats
  3 frilled lizards (D:1)
  8 goblins
  7 kobolds
  3 rats
60 creatures vanquished.

Notes
Turn   | Place    | Note
-------+----------+-------------------------------------------
     0 | D:1      | Silvore the Minotaur Fighter began the quest for the Orb.
     0 | D:1      | Reached XP level 1. HP: 19/19 MP: 0/0
   247 | D:1      | Reached XP level 2. HP: 26/27 MP: 1/1
   255 | D:1      | Reached skill level 4 in Armour
  1060 | D:2      | Reached XP level 3. HP: 33/33 MP: 2/2
  1908 | D:3      | Found a burning altar of Makhleb.
  2075 | D:3      | Found a snail-covered altar of Cheibriados.
  2437 | D:4      | Noticed a scorpion
  2442 | D:4      | Killed a scorpion
  2443 | D:4      | Reached XP level 4. HP: 20/40 MP: 3/3
  2657 | D:4      | Reached XP level 5. HP: 17/46 MP: 4/4
  2851 | D:4      | Found Mybe's Merry Market.
  2987 | D:4      | Reached skill level 5 in Armour
  3231 | D:5      | Entered Level 5 of the Dungeon
  3299 | D:5      | Slain by an iguana

Illustrated notes

Levels and vault maps discovered:
D:1:      heliophobic_arrival_ceremonial_halls, layout_loops_corners,
          minmay_cut_off
D:2:      layout_basic, minmay_heptomino_h4
D:3:      layout_basic, general_overflow_altar, kennysheep_slug_shrine,
          serial_aquarium, aquarium_bridge_square [aquarium_subvault_bridge,
          aquarium_subvault_window, aquarium_subvault_bridge,
          aquarium_subvault_balcony], aquarium_bridge_square
          [aquarium_subvault_wall, aquarium_subvault_wall,
          aquarium_subvault_wall, aquarium_subvault_bridge], aquarium_window_3,
          aquarium_window_1, aquarium_window_1, aquarium_window_fake,
          aquarium_view_2d
D:4:      layout_cave_pools, nicolae_alphabet_shops
D:5:      layout_loops_ring, minmay_ogre_servants

Skill      XL: |  1  2  3  4  5 |
---------------+----------------+-----
Armour         | 4 5 |  5.2
Fighting       | 4 |  4.9
Shields        | 4 |  4.4
Long Blades    | 3 4 |  4.6
Dodging        | |  0.7
Stealth        | |  0.2

Action                     |  1- 3 |  4- 6 || total
---------------------------+-------+-------++-------
  Melee: Long sword        |    69 |    60 ||   129
         Headbutt          |    14 |     9 ||    23
    Use: Scroll            |     9 |     3 ||    12
 Armour: Scale mail        |    25 |    22 ||    47
  Dodge: Dodged            |    40 |    43 ||    83
  Block: Buckler           |    15 |    19 ||    34
